 Dungeon Crawl Stone Soup version 0.24.0-37-gcf1ca852f1 (webtiles) character file.

Game seed: 18181820206207130068, levelgen mode: deterministic

1015 Mesmaeker13 the Magician (level 8, -5/36 HPs)
             Began as a Deep Elf Conjurer on Nov 29, 2019.
             Was an Initiate of Hepliaklqana.
             Slain by an orc warrior
             ... wielding a +2 halberd of protection
              (20 damage)
             ... on level 5 of the Dungeon.
             The game lasted 00:08:30 (5556 turns).

Mesmaeker13 the Magician (Deep Elf Conjurer)        Turns: 5556, Time: 00:08:31

Health: -5/36      AC:  6    Str:  6    XL:     8   Next: 1%
Magic:  6/20       EV: 16    Int: 22    God:    Hepliaklqana [......]
Gold:   226        SH:  0    Dex: 15    Spells: 11/21 levels left

rFire    . . .     SeeInvis +   l - +0 spear
rCold    . . .     Gourm    .   (no shield)
rNeg     . . .     Faith    .   a - +0 robe
rPois    .         Spirit   .   n - +2 helmet {SInv}
rElec    .         Reflect  .   (no cloak)
rCorr    .         Harm     .   r - +0 pair of gloves
MR       .....                  (no boots)
Stlth    ++........             (no amulet)
HPRegen  0.12/turn              (no ring)
MPRegen  0.17/turn              (no ring)

@: no status effects
A: reduced essence
a: Recall Ancestor, Ancestor Identity, Renounce Religion


You were on level 5 of the Dungeon.
You worshipped Hepliaklqana.
Hepliaklqana was noncommittal.
You were not hungry.

You visited 2 branches of the dungeon, and saw 6 of its levels.

You collected 226 gold pieces.

Inventory:

Hand Weapons
 h - a +0 dagger
 l - a +0 spear (weapon)
Missiles
 v - 13 poisoned darts (quivered)
Armour
 a - a +0 robe (worn)
 n - a +2 helmet of see invisible (worn)
 r - a +0 pair of gloves (worn)
Wands
 s - a wand of polymorph (11)
 t - a wand of acid (4)
Scrolls
 b - 5 scrolls of remove curse
 i - 2 scrolls of amnesia
 j - 5 scrolls of teleportation
 p - a scroll of blinking {unknown}
 q - a scroll of enchant armour
 w - a scroll of enchant weapon {unknown}
 x - 3 scrolls of magic mapping {unknown}
Potions
 d - 2 potions of heal wounds
 e - a potion of curing {unknown}
 f - a potion of berserk rage
 g - 2 potions of haste {unknown}
 k - a potion of cancellation
 o - a potion of lignification {unknown}
 u - a potion of invisibility {unknown}
Comestibles
 c - 7 rations
 m - 11 chunks of flesh


   Skills:
 + Level 6.4 Dodging
 - Level 2.4 Stealth
 + Level 7.2 Spellcasting
 + Level 7.1 Conjurations
 + Level 3.4 Hexes


You had 11 spell levels left.
You knew the following spells:

 Your Spells              Type           Power        Failure   Level  Hunger
a - Magic Dart            Conj           ####         1%          1    None
b - Searing Ray           Conj           #####.       1%          2    None
c - Dazzling Spray        Conj/Hex       ####..       2%          3    None
d - Fulminant Prism       Conj/Hex       ####......   9%          4    ###....

Your spell library contained the following spells:

 Spells                   Type           Power        Failure   Level  Hunger
 Iskenderun's Mystic Bla  Conj           #####...     4%          4    ###....
 Force Lance              Conj/Tloc      ###.....     19%         4    ###....


Dungeon Overview and Level Annotations

Branches:
Dungeon (5/15)             Temple (1/1) D:5

Altars:
Ashenzari
Dithmenos
Fedhas
Gozag
Hepliaklqana
Kikubaaqudgha
Makhleb
Nemelex Xobeh
Qazlal
Ru
Sif Muna
Trog
Uskayaw
Vehumet
Wu Jian
Xom


Message History

Aiming: Magic Dart (safe; 1% risk of failure)
Press: ? - help, Shift-Dir - straight line, f/p - orc priest
Aim: an orc priest, wearing a +0 chain mail (almost dead)
The magic dart hits the orc priest but does no damage.
The orc priest is almost dead.
Wigmund hits the orc priest.
The orc priest dies!
You have reached level 8!
You feel clever.
Unknown command.
Wigmund hits the orc warrior.
Wigmund barely misses the orc warrior.
The orc hits Wigmund with a +0 mace.
The orc throws a stone.
The stone barely misses Wigmund.
The stone barely misses the orc warrior.
The stone hits you but does no damage.
The orc throws a stone.
The stone hits Wigmund.
The orc warrior hits you from afar with a +2 halberd of protection!!
Ouch! That really hurt!
You die...

##...#####..#.(.....####
....# #..#..###### .....##
#..#.)# c......###..#((#
.......#....#(.######
..........##.)......#
.w........#..#.####.#
......<#(((..).#....#
.......#(..@.o.R..##
...............##.o#########
[.........##.#.###..........
..........##...##(.[.[).....
......(##.....)##(####.#####
..........##....#.## ...
........###........# ..8#
....... #.........# 8..#
....... #...#....## #...


You could see the friendly Wigmund the ancestor, an orc warrior and an orc.

Vanquished Creatures
  Grinder (D:3)
  A centaur (D:5)
  A scorpion (D:5)
  A howler monkey (D:5)
  An orc priest (D:4)
  A hound (D:4)
  3 orc wizards (D:5)
  A bullfrog skeleton (D:5)
  Jessica (D:3)
  An iguana (D:3)
  Ijyb (D:3)
  Robin (D:2)
  3 adders
  3 oozes
  4 worms
  2 dart slugs (D:3)
  5 leopard geckos
  18 orcs
  21 goblins
  10 hobgoblins
  5 jackals (D:4)
  9 kobolds
  3 quokkas
  4 ball pythons
  A ball python skeleton (D:4)
  8 bats
  4 frilled lizards
  A leopard gecko skeleton (D:4)
  10 rats
125 creatures vanquished.

Vanquished Creatures (collateral kills)
  An ogre (D:5)
  An orc priest (D:5)
  A jelly (D:5)
  A worker ant (D:5)
  An adder (D:5)
  A worm (D:5)
  3 orcs (D:5)
9 creatures vanquished.

Vanquished Creatures (others)
  A worker ant (D:5)
  2 fulminant prisms (D:5)
3 creatures vanquished.

Grand Total: 137 creatures vanquished

Notes
Turn   | Place    | Note
-------+----------+-------------------------------------------
     0 | D:1      | Mesmaeker13 the Deep Elf Conjurer began the quest for the
                  | Orb.
     0 | D:1      | Reached XP level 1. HP: 10/10 MP: 6/6
   113 | D:1      | Reached XP level 2. HP: 15/15 MP: 1/8
   947 | D:2      | Reached XP level 3. HP: 19/19 MP: 8/10
   951 | D:2      | Learned a level 2 spell: Searing Ray
  1350 | D:2      | Noticed Robin
  1357 | D:2      | Killed Robin
  1357 | D:2      | Reached skill level 5 in Conjurations
  1503 | D:2      | Reached XP level 4. HP: 20/24 MP: 9/12
  2280 | D:3      | Noticed Jessica
  2282 | D:3      | Noticed Ijyb
  2286 | D:3      | Killed Jessica
  2398 | D:3      | Reached XP level 5. HP: 28/28 MP: 9/14
  2518 | D:3      | Found a shattered altar of Ashenzari.
  3002 | D:3      | Paralysed by Ijyb for 2 turns
  3011 | D:3      | Paralysed by Ijyb for 5 turns
  3021 | D:3      | Killed Ijyb
  3021 | D:3      | Reached skill level 5 in Spellcasting
  3119 | D:3      | Noticed Grinder
  3126 | D:3      | Paralysed by Grinder for 3 turns
  3129 | D:3      | Killed Grinder
  3129 | D:3      | Reached skill level 5 in Dodging
  3129 | D:3      | Reached XP level 6. HP: 32/32 MP: 12/16
  3712 | D:4      | Found a burning altar of Makhleb.
  4013 | D:4      | Learned a level 3 spell: Dazzling Spray
  4457 | D:4      | Reached XP level 7. HP: 13/36 MP: 7/18
  4706 | D:5      | Entered Level 5 of the Dungeon
  4714 | D:5      | Reached skill level 1 in Hexes
  4953 | D:5      | Found a staircase to the Ecumenical Temple.
  4965 | Temple   | Entered the Ecumenical Temple
  5192 | Temple   | Became a worshipper of Hepliaklqana the Forgotten
  5262 | D:5      | Learned a level 4 spell: Fulminant Prism
  5549 | D:5      | Reached XP level 8. HP: 14/36 MP: 5/20
  5556 | D:5      | Slain by an orc warrior

Levels and vault maps discovered:
D:1:      psy_arrival_dodecagon, layout_basic
D:2:      layout_basic, serial_bayou, serial_bayou_pond_c, serial_bayou_shore_b,
          serial_bayou_pond_a, serial_bayou_crossing, uniq_robin
D:3:      layout_rooms, nicolae_ashenzari_panopticon, uniq_jessica, uniq_ijyb,
          uniq_grinder
D:4:      layout_cave_pools, lemuel_crystal_altar, first_ration
D:5:      layout_rooms, chequers_temple_overflow_statue_of_worship,
          minmay_temple_entry_crystal_x, guppyfry_early_orc_mine
Temple:   minmay_temple_curvy_branch

Skill      XL: |  1  2  3  4  5  6  7 |
---------------+----------------------+-----
Dodging        | 3 4 5 6 |  6.4
Spellcasting   | 4 5 6 7 |  7.2
Conjurations   | 5 6 7 |  7.1
Hexes          | 3 |  3.4
Stealth        | |  2.4

Action                   |  1- 3 |  4- 6 |  7- 9 || total
-------------------------+-------+-------+-------++-------
Melee: Dagger            |     3 |       |       ||     3
       Spear             |    19 |    27 |     8 ||    54
Throw: Dart              |       |       |     2 ||     2
 Cast: Magic Dart        |    64 |   120 |    28 ||   212
       Searing Ray       |     4 |    11 |     9 ||    24
       Dazzling Spray    |       |       |     3 ||     3
       Fulminant Prism   |       |       |     2 ||     2
Evoke: Wand              |       |     2 |       ||     2
  Use: Scroll            |     1 |     6 |       ||     7
       Potion            |       |     1 |       ||     1
  Eat: Chunk             |     2 |     9 |     1 ||    12
       Ration            |       |       |     1 ||     1
Armor: Robe              |     4 |     6 |    12 ||    22
Dodge: Dodged            |    25 |    26 |    39 ||    90
